AoeStats
← gokaydesign

Arabia

509923342Analyzed
3v3 RM · 5d ago on Sep 28, 2026· 43m 15s· 6 players
Game mode
Random Map
Map size
Normal (6 player)
Population
200
Speed
Normal
Resources
Standard
Victory
Conquest
Starting age
Dark Age
Ending age
Imperial Age
RankedLock teamsTeams togetherTeam positionsShared explorationLock speedFull tech treeHidden civsTurbo modeCheats
Victory
Defeat
🇫🇷 Mongols · France
1149
+15
🇬🇧 Maya · United Kingdom
1141
+15
🇫🇷 Georgians · France
1089
+17
🇹🇷 Slavs · Türkiye
1233
-21
🇹🇷 Berbers · Türkiye
1078
-14
🇹🇷 Hindustanis · Türkiye
1036
-12
gokaydesign
0:31 Loom
11:34 Feudal Age
13:23 Town Watch
14:43 Double-Bit Axe
15:07 Fletching
23:10 Castle Age
23:39 Padded Archer Armor
24:55 Horse Collar
27:25 Forging
27:55 Scale Mail Armor
30:37 Heavy Plow
32:41 Wheelbarrow
32:56 Bodkin Arrow
34:58 Bow Saw
37:16 Husbandry
38:05 Leather Archer Armor
40:23 Scale Barding Armor
42:19 Hand Cart
42:23 Masonry
ozkanda
12:26 Feudal Age
18:13 Castle Age
16:18 Loom
16:42 Horse Collar
17:12 Double-Bit Axe
18:23 Fletching
18:40 Padded Archer Armor
21:48 Bow Saw
23:29 Wheelbarrow
28:20 Heavy Plow
31:38 Scale Barding Armor
36:10 Ballistics
39:59 Bodkin Arrow
41:59 Husbandry
1453sultan
6:10 Loom
9:34 Feudal Age
11:35 Feudal Age
18:46 Castle Age
25:45 Double-Bit Axe
25:41 Horse Collar
26:49 Wheelbarrow
29:11 Heavy Plow
29:35 Bow Saw
31:35 Forging
31:26 Scale Mail Armor
31:25 Pikeman
32:06 Squires
33:03 Fletching
35:03 Chain Mail Armor
35:23 Iron Casting
35:45 Iron Casting
36:03 Detinets
37:15 Town Watch
Novax
8:11 Feudal Age
6:50 Loom
8:47 Double-Bit Axe
15:36 Wheelbarrow
19:13 Castle Age
18:14 Forging
18:54 Bloodlines
19:18 Scale Barding Armor
28:07 Chain Barding Armor
27:56 Husbandry
31:04 Iron Casting
34:50 Town Watch
39:21 Imperial Age
39:31 Elite Steppe Lancer
41:12 Blast Furnace
Manoow
8:43 Loom
11:36 Feudal Age
15:08 Forging
15:03 Scale Barding Armor
14:58 Fletching
15:09 Padded Archer Armor
17:21 Castle Age
15:46 Fletching
16:09 Double-Bit Axe
17:00 Padded Archer Armor
22:15 Ballistics
26:26 Leather Archer Armor
30:33 Bodkin Arrow
32:10 Wheelbarrow
35:23 Forging
35:18 Scale Barding Armor
36:15 Husbandry
36:26 Bloodlines
42:18 Imperial Age
39:35 Town Watch
40:06 Hand Cart
43:39 Parthian Tactics
43:18 Bracer
42:48 Capped Ram
alexisoutch
0:26 Loom
9:38 Feudal Age
10:38 Double-Bit Axe
14:00 Fletching
24:09 Castle Age
22:31 Padded Archer Armor
24:52 Wheelbarrow
24:09 Horse Collar
24:25 Gold Mining
24:59 Thumb Ring
24:15 Crossbowman
25:12 Bodkin Arrow
28:34 Town Watch
33:24 Ballistics
34:54 Hand Cart
38:53 Imperial Age
39:04 Arbalester
41:25 Chemistry
40:28 Bracer
40:44 Leather Archer Armor
42:43 Onager
43:53 Bow Saw
43:45 Heavy Plow
43:38 Stone Mining
Connection lost

Rejoining the realm…

Still unreachable

The connection could not be restored.

Session expired

The server has moved on; the page needs a fresh start.